 Dungeon Crawl Stone Soup version 0.28-a0-816-gb054d885db (webtiles) character file.

Game seed: 9656891482389901866

763 mcbry74 the Conjurer (level 7, -2/36 HPs)
             Began as a Deep Elf Conjurer on Nov 8, 2021.
             Slain by Eustachio (10 damage)
             ... on level 4 of the Dungeon on Nov 9, 2021.
             The game lasted 00:26:12 (4616 turns).

mcbry74 the Conjurer (Deep Elf Conjurer)            Turns: 4616, Time: 00:26:13

Health: -2/36      AC:  4    Str:  4    XL:     7   Next: 51%
Magic:  15/18      EV: 12    Int: 25    God:
Gold:   146        SH:  0    Dex: 13    Spells: 5/19 levels left

rFire   . . .      SeeInvis .   n - +3 quarterstaff (chaos)
rCold   + . .      Faith    .   (shield currently unavailable)
rNeg    . . .      Spirit   .   c - +1 robe {rC+}
rPois   .          Reflect  .   (no helmet)
rElec   .          Harm     .   o - +0 cloak
rCorr   .          Rampage  .   (no gloves)
Will    .....                   (no boots)
Stlth   ++........              (no amulet)
HPRegen 0.12/turn               (no ring)
MPRegen 0.16/turn               (no ring)

@: no status effects
A: no striking features
a: no special abilities


You were on level 4 of the Dungeon.
You visited 1 branch of the dungeon, and saw 4 of its levels.

You collected 146 gold pieces.

Inventory:

Hand Weapons
 n - a +3 quarterstaff of chaos (weapon)
Armour
 a - a +0 robe
 c - a +1 robe of cold resistance (worn)
 o - a +0 cloak (worn)
Scrolls
 e - 3 scrolls of enchant armour {unknown}
 g - a scroll of teleportation {unknown}
 h - 2 scrolls of blinking {unknown}
 i - a scroll of vulnerability {unknown}
 l - 3 scrolls of identify {unknown}
Potions
 b - 2 potions of might {unknown}
 d - a potion of degeneration {unknown}
 f - a potion of resistance {unknown}
 j - 2 potions of heal wounds {unknown}
 k - a potion of brilliance {unknown}
 m - a potion of curing {unknown}
 p - a potion of lignification {unknown}


   Skills:
 + Level 1.2 Staves
 - Level 2.4 Dodging
 - Level 2.4 Stealth
 + Level 6.6 Spellcasting
 * Level 7.3 Conjurations
 - Level 4.0 Hexes
 + Level 2.5 Fire Magic


You had 5 spell levels left.
You knew the following spells:

 Your Spells              Type           Power      Damage    Failure   Level
a - Magic Dart            Conj           100%       1d8       1%          1
b - Searing Ray           Conj           90%        2d7       1%          2
c - Dazzling Flash        Conj/Hex       72%        N/A       1%          3
d - Fulminant Prism       Conj/Hex       18%        3d11      7%          4
e - Sticky Flame          Conj/Fire      33%        2d5       9%          4

Your spell library contained the following spells:

 Spells                   Type           Power      Damage    Failure   Level
 Static Discharge         Conj/Air       26%        N/A       2%          2
 Iskenderun's Mystic Bla  Conj/Tloc      26%        2d7       16%         4
 Dispel Undead            Necr           8%         3d8       56%         4
 Dispersal                Tloc           4%         N/A       100%        6
 Disjunction              Tloc           4%         N/A       100%        8


Dungeon Overview and Level Annotations

Branches:
Dungeon (4/15)
 Temple: D:4-7

Altars:
Makhleb
Ru
Beogh

Annotations:
D:4 Eustachio


Message History

You hit the iron imp.
The iron imp is poisoned.
The iron imp is severely wounded.
The iron imp hits you.
You hit the iron imp but do no damage.
The iron imp is almost dead.
The iron imp closely misses you.
You hit the iron imp.
You kill the iron imp!
The iron imp disappears in a puff of smoke!
Eustachio gestures wildly while chanting.
You closely miss Eustachio.
Eustachio is severely wounded.
Eustachio hits you with a +0 rapier. The rat bites you but does no damage.
You closely miss Eustachio.
Eustachio is severely wounded.
Eustachio barely misses you. The rat barely misses you.
You closely miss Eustachio.
Eustachio is severely wounded.
Eustachio hits you with a +0 rapier. The rat bites you but does no damage.
You barely miss Eustachio.
Eustachio is severely wounded.
Eustachio hits you with a +0 rapier! The rat misses you.
Eustachio hits you with a +0 rapier! The rat closely misses you.
You closely miss Eustachio.
Eustachio is severely wounded.
Eustachio mumbles some strange words.
The rat bites you.
You miss Eustachio.
Eustachio is severely wounded.
Eustachio hits you with a +0 rapier. The rat bites you but does no damage.
You hit Eustachio.
Eustachio is almost dead.
Eustachio says, "Summoning is fun!"
Eustachio hits you with a +0 rapier.
* * * LOW HITPOINT WARNING * * *
The rat misses you.
You hit Eustachio.
Eustachio flickers and vanishes!
Deactivating autopickup; reactivate with Ctrl-A.
Something barely misses you. The rat closely misses you. Something hits you!
You die...

##.#####
#.....###(###
..[...
#.#)#........
......###
#.#....##.#
........# #.###.##
.(......# #.###.#
......<.####.....#
#....rr######
#.####{# #. #@# ..
#r# ### #.# #.#
#.# #.# #.# #.#
#.#


You could see a river rat (summoned) and 2 rats.

Vanquished Creatures
  Sigmund (D:3)
  Menkaure (D:4)
  An ogre (D:3)
  A centaur skeleton (D:4)
  Crazy Yiuf (D:3)
  3 iron imps (D:3)
  Natasha (thrice) (D:3)
  An orc wizard (D:3)
  5 adders
  4 gnolls (D:2)
  An ufetubus (D:4)
  A worm (D:3)
  3 dart slugs (D:1)
  6 orcs
  9 ball pythons
  4 endoplasms
  5 giant cockroaches
  3 hobgoblins
  2 jackals (D:2)
  2 quokkas
  5 bats
  A frilled lizard (D:1)
  6 goblins
  4 kobolds
  6 rats
79 creatures vanquished.

Vanquished Creatures (others)
  2 fulminant prisms
2 creatures vanquished.

Grand Total: 81 creatures vanquished

Notes
Turn   | Place    | Note
-------+----------+-------------------------------------------
     0 | D:1      | mcbry74 the Deep Elf Conjurer began the quest for the Orb.
     0 | D:1      | Reached XP level 1. HP: 10/10 MP: 6/6
   305 | D:1      | Reached XP level 2. HP: 15/15 MP: 4/8
   955 | D:1      | Found a faded altar of an unknown god.
  1155 | D:2      | Reached skill level 5 in Conjurations
  1155 | D:2      | Reached XP level 3. HP: 19/19 MP: 4/10
  1587 | D:2      | Reached XP level 4. HP: 24/24 MP: 7/12
  1590 | D:2      | Learned a level 2 spell: Searing Ray
  1594 | D:2      | Learned a level 3 spell: Dazzling Flash
  1599 | D:2      | Learned a level 4 spell: Fulminant Prism
  1942 | D:2      | Reached skill level 1 in Hexes
  2612 | D:3      | Noticed Sigmund
  2619 | D:3      | Killed Sigmund
  2620 | D:3      | Reached skill level 5 in Spellcasting
  2620 | D:3      | Reached XP level 5. HP: 17/28 MP: 4/15
  2620 | D:3      | Reached XP level 6. HP: 19/32 MP: 4/16
  2623 | D:3      | Reached skill level 6 in Conjurations
  2753 | D:3      | Learned a level 4 spell: Sticky Flame
  3085 | D:3      | Noticed Natasha
  3090 | D:3      | Killed Natasha
  3367 | D:3      | Found a burning altar of Makhleb.
  3381 | D:3      | Reached skill level 1 in Fire Magic
  3592 | D:3      | Noticed Natasha
  3594 | D:3      | Killed Natasha
  3642 | D:3      | Noticed Natasha
  3645 | D:3      | Killed Natasha
  3646 | D:3      | Reached XP level 7. HP: 36/36 MP: 11/18
  3700 | D:3      | Found a runed translucent door.
  3701 | D:3      | Noticed Crazy Yiuf
  3708 | D:3      | Killed Crazy Yiuf
  3790 | D:3      | Reached skill level 7 in Conjurations
  4042 | D:4      | Noticed Menkaure
  4051 | D:4      | Killed Menkaure
  4052 | D:4      | Reached skill level 1 in Staves
  4345 | D:4      | Found a sacrificial altar of Ru.
  4413 | D:4      | Noticed Eustachio
  4616 | D:4      | Slain by Eustachio

Illustrated notes

Levels and vault maps discovered:
D:1:      tarquinn_simple_flora_water_b, layout_loops_ring,
          hellmonk_ecumenical_altar_defaced_shrine, solitary_fountain
D:2:      cheibrodos_helix_gallery, layout_loops_ring, cheibrodos_gnoll_hut
D:3:      layout_basic, demons_altar, uniq_natasha, uniq_sigmund,
          uniq_crazy_yiuf_cottage
D:4:      layout_loops_cross, nicolae_ru_awakened_eye, kennysheep_donut,
          grunt_tough_drop, uniq_menkaure, uniq_eustachio

Skill      XL: |  1  2  3  4  5  6  7 |
---------------+----------------------+-----
Spellcasting   | 4 5 6 |  6.6
Conjurations   | 5 6 7 |  7.3
Hexes          | 4 |  4.0
Fire Magic     | 1 2 |  2.5
Staves         | 1 |  1.2
Dodging        | |  2.4
Stealth        | |  2.4

Action                   |  1- 3 |  4- 6 |  7- 9 || total
-------------------------+-------+-------+-------++-------
Melee: Quarterstaff      |       |       |    16 ||    16
 Cast: Magic Dart        |    64 |    51 |    15 ||   130
       Searing Ray       |       |    11 |     4 ||    15
       Dazzling Flash    |       |     1 |       ||     1
       Fulminant Prism   |       |       |     2 ||     2
       Sticky Flame      |       |       |     1 ||     1
Armor: Robe              |     1 |     2 |     6 ||     9
Dodge: Dodged            |     7 |     2 |    15 ||    24

Table legend: (Time is in decaauts)
 A = Elapsed time spent in this place.
 B = Non-inter-level travel time spent in this place.
 C = Inter-level travel time spent in this place.
 D = Time resting spent in this place.
 E = Time spent auto-exploring this place.
 F = Levels seen in this place.
 G = Mean time per level.
                   A        B        C        D        E       F      G
               +--------+--------+--------+--------+--------+-----+--------+
         Total |   4630 |   4538 |     92 |   1656 |   2359 |   4 | 1157.5 |
       Dungeon |   4630 |   4538 |     92 |   1656 |   2359 |   4 | 1157.5 |
               +--------+--------+--------+--------+--------+-----+--------+

Top non-repeatable levels by time:
     D:3: 1582 daAuts
     D:2: 1328 daAuts
     D:1: 1142 daAuts
     D:4: 577 daAuts
